AoeStats
← jphilkill

Nomad

507425320Analyzed
4v4 RM · 15d ago on Sep 18, 2026· 47m 43s· 8 players
Game mode
Random Map
Map size
231×231
Population
200
Speed
Normal
Resources
Standard
Victory
Conquest
Starting age
Dark Age
Ending age
Imperial Age
RankedLock teamsTeams togetherTeam positionsShared explorationLock speedFull tech treeHidden civsTurbo modeCheats
Victory
Defeat
🇲🇽 Hindustanis · Mexico
971
+14
🇲🇽 Bohemians · Mexico
956
+15
🇲🇽 Mongols · Mexico
955
+15
🇳🇱 Huns · Netherlands
874
+18
🇩🇪 Britons · Germany
970
-17
🇩🇪 Turks · Germany
945
-16
🇫🇷 Lithuanians · France
923
-15
🇩🇪 Huns · Germany
884
-14
IsidoreDucasse
3:56 Loom
16:45 Feudal Age
17:23 Fishing Lines
19:23 Wheelbarrow
21:29 Castle Age
20:11 Double-Bit Axe
20:58 Horse Collar
25:37 Coinage
25:27 Medium Warships
26:01 Hand Cart
25:57 Gillnets
27:02 Forging
26:58 Scale Barding Armor
27:37 Heavy Plow
34:21 Murder Holes
34:47 Ballistics
jphilkill
5:26 Loom
17:05 Feudal Age
24:04 Castle Age
22:24 Double-Bit Axe
22:33 Gold Mining
22:35 Stone Mining
25:06 Medium Warships
28:18 Demolition Ship
29:44 Wheelbarrow
35:06 Gold Shaft Mining
34:43 Bow Saw
34:17 Horse Collar
35:01 Murder Holes
36:17 Scale Barding Armor
36:12 Scale Mail Armor
36:23 Forging
36:03 Fletching
36:13 Padded Archer Armor
36:48 Heavy Plow
38:07 Hand Cart
42:05 Imperial Age
40:10 Chain Barding Armor
WeLoveRust
7:54 Loom
15:14 Feudal Age
19:11 Castle Age
17:40 Double-Bit Axe
17:38 Horse Collar
20:57 Crossbowman
22:28 Bow Saw
25:17 Stone Mining
25:21 Gold Mining
29:03 Wheelbarrow
30:48 Heavy Plow
32:00 Fletching
35:04 Imperial Age
35:07 Gold Shaft Mining
36:15 Ballistics
35:22 Arbalester
37:03 Bodkin Arrow
37:10 Padded Archer Armor
40:01 Capped Ram
40:26 Pikeman
41:10 Squires
41:01 Arson
42:16 Bracer
44:17 Yeomen
44:22 Conscription
43:30 Halberdier
Zwerg
18:10 Feudal Age
16:25 Loom
24:29 Castle Age
25:26 Wheelbarrow
24:42 Double-Bit Axe
27:01 Fletching
28:20 Bodkin Arrow
35:40 Forging
35:36 Padded Archer Armor
LeGerKy (Calabacin)
3:49 Loom
14:51 Feudal Age
15:30 Double-Bit Axe
18:43 Fishing Lines
26:23 Castle Age
25:35 Padded Archer Armor
25:40 Scale Barding Armor
25:26 Fletching
25:27 Gold Mining
25:29 Stone Mining
27:22 Medium Warships
27:03 Gillnets
27:38 Bodkin Arrow
30:07 Bow Saw
29:38 Horse Collar
37:23 Wheelbarrow
40:46 Imperial Age
39:30 Town Watch
42:59 Chemistry
42:19 Nomads
45:40 Hand Cart
ULG_1
14:26 Feudal Age
19:53 Castle Age
20:28 Forging
20:18 Scale Mail Armor
22:09 Iron Casting
22:59 Chain Mail Armor
22:52 Double-Bit Axe
BlandToaster625
14:44 Feudal Age
16:02 Double-Bit Axe
19:08 Castle Age
16:51 Fishing Lines
17:24 Forging
19:04 Fletching
20:12 Bow Saw
20:00 Gillnets
20:46 Stone Mining
22:22 Gold Mining
22:58 Medium Warships
23:39 Bodkin Arrow
28:22 Imperial Age
27:24 Gold Shaft Mining
26:51 Padded Archer Armor
27:57 Ballistics
27:51 Careening
28:11 Leather Archer Armor
29:03 Clinker Construction
29:28 Heavy Warships
30:07 Bracer
32:38 Chemistry
34:36 Two-Man Saw
34:01 Forging
33:56 Scale Barding Armor
34:20 Elite Tarkan
35:22 Scale Barding Armor
35:35 Forging
36:24 Chain Barding Armor
36:20 Marauders
37:38 Iron Casting
37:27 Bloodlines
37:17 Husbandry
37:26 Sappers
39:34 Plate Barding Armor
40:33 Blast Furnace
43:11 Loom
43:12 Town Watch
45:08 Wheelbarrow
44:26 Horse Collar
SER
9:28 Loom
10:16 Loom
14:57 Feudal Age
16:23 Town Watch
19:32 Castle Age
17:29 Double-Bit Axe
20:28 Town Patrol
20:42 Bow Saw
21:40 Fletching
22:41 Bodkin Arrow
23:06 Medium Warships
41:52 Imperial Age
41:11 Fishing Lines
Connection lost

Rejoining the realm…

Still unreachable

The connection could not be restored.

Session expired

The server has moved on; the page needs a fresh start.